 Dungeon Crawl Stone Soup version 0.31-a0-408-gb642c7f9a3 (webtiles) character file.

Game seed: 12004432489100145769

416 RepHenryClay the Chopper (level 6, -7/51 HPs)
             Began as a Hill Orc Cinder Acolyte on July 29, 2023.
             Was an Initiate of Okawaru.
             Mangled by a fire elemental (10 damage)
             ... created by the fiery vengeance of Ignis
             ... on level 4 of the Dungeon.
             The game lasted 00:06:17 (2946 turns).

RepHenryClay the Chopper (Hill Orc Cinder Acolyte)  Turns: 2946, Time: 00:06:17

Health: -7/51      AC: 13    Str: 19      XL:     6   Next: 92%
Magic:  9/9        EV:  9    Int: 12 (14) God:    Okawaru [......]
Gold:   290        SH:  0    Dex:  5 (6)  Spells: 5/7 levels left

rFire   . . .        a - +2 hand axe (flame)
rCold   . . .        (no shield)
rNeg    . . .        k - +0 scale mail
rPois   .            m - +1 helmet
rElec   .            d - +2 cloak
rCorr   .            f - +0 pair of gloves
SInv    .            (no boots)
Will    .....        (no amulet) Stlth
                     (no ring)
HPRegen 0.28/turn    (no ring)
MPRegen 0.11/turn

%: no passive effects
@: silenced, hasted, fire susceptible, very quick
A: no striking features
a: Renounce Religion


You were on level 4 of the Dungeon.
You worshipped Okawaru.
Okawaru was noncommittal.
You visited 1 branch of the dungeon, and saw 4 of its levels.

You collected 290 gold pieces.

Inventory:

Hand Weapons
 a - a +2 hand axe of flaming (weapon)
Armour
 b - a +0 robe
 d - a +2 cloak (worn)
 f - a +0 pair of gloves (worn)
 k - a +0 scale mail (worn)
 m - a +1 helmet (worn)
Wands
 p - a wand of digging (1)
Scrolls
 j - a scroll of identify {unknown}
 o - a scroll of poison
 r - a scroll of noise {unknown}
Potions
 h - 2 potions of curing


   Skills:
 - Level 3.6 Fighting
 - Level 7.8 Axes
 - Level 2.5 Armour
 - Level 1.0 Spellcasting
 - Level 3.2 Fire Magic
 + Level 4.7 Invocations


You had 5 spell levels left.
You knew the following spells:

 Your Spells              Type           Power      Damage    Failure   Level
a - Scorch                Fire           16%        2d5       34%         2

Your spell library contained the following spells:

 Spells                   Type           Power      Damage    Failure   Level
 Sandblast                Erth           0%         2d4       65%         1
 Passwall                 Tmut/Erth      0%         N/A       80%         2
 Stone Arrow              Conj/Erth      0%         3d7       95%         3


Dungeon Overview and Level Annotations

Branches:
Dungeon (4/15)
 Temple: D:4-7

Altars:
Cheibriados
Gozag
Hepliaklqana
Kikubaaqudgha
Okawaru
Sif Muna
Xom
Zin

Annotations:
D:3 3 runed translucent doors, bahustanut's ghost, amateur TrSh


Message History

HP restored. "Burn!
Burn until nothing is left!" 3 fire elementals come into view.
As you read the scroll labelled JILOETR AFYLA, it crumbles to dust.
It is a scroll of amnesia.
Really abort (and waste the scroll)?
Okay, then.
As you read the scroll labelled DARCHA JUTRE, it crumbles to dust.
A profound silence engulfs you.
It was a scroll of silence.
The fire elemental hits you. The fire elemental burns you!
The fire elemental hits you. The fire elemental burns you!
Huge Dmg: -43%(-22hp) hp: 57%(29hp) Magic scrolls do not work when you're silenced!
Unknown command.
Okay, then.
Unknown command.
It was a potion of haste.
You feel yourself speed up. The fire elemental hits you.
The fire elemental burns you! The fire elemental hits you.
The fire elemental burns you!
* * * LOW HITPOINT WARNING * * *
Huge Dmg: -25%(-13hp) hp: 32%(16hp)
You closely miss the fire elemental.
You hit the fire elemental but do no damage.
The fire elemental barely misses you.
The fire elemental completely misses you.
You hit the fire elemental.
The fire elemental is lightly damaged.
You hit the fire elemental but do no damage.
The fire elemental closely misses you. The fire elemental hits you.
The fire elemental burns you!
* * * LOW HITPOINT WARNING * * *
Huge Dmg: -28%(-14hp) hp: 6%(3hp)
You hit the fire elemental.
The fire elemental is lightly damaged.
You hit the fire elemental. You slash the fire elemental!
The fire elemental is heavily damaged.
You barely miss the fire elemental. The fire elemental hits you.
The fire elemental burns you!
You die...

....## #......##
#........... .####
##......# #########..# .#
###.......## ####
######..........#########
###....####.............#
.....### ###...#####...##
....## ##### ###..##
...## ##..#### ##...####
####
##..EE@E###.......####
##..#####.............#
##..## ###...#####...##
#.### #..## ###..## # ###
#..# ##... # #.## #### #
#..# # # ##.# ###


You could see 3 fire elementals.

Vanquished Creatures
  Grinder (D:4)
  A scorpion (D:4)
  An iron imp (D:4)
  Terence (D:2)
  Robin (D:2)
  2 adders
  A white imp (D:4)
  An ufetubus (D:4)
  A worm (D:3)
  A dart slug (D:3)
  8 endoplasms
  2 giant cockroaches
  12 goblins
  13 hobgoblins
  2 quokkas
  5 ball pythons
  A bat (D:3)
  A frilled lizard (D:2)
  5 kobolds
  7 rats
67 creatures vanquished.

Notes
Turn   | Place    | Note
-------+----------+-------------------------------------------
     0 | D:1      | RepHenryClay the Hill Orc Cinder Acolyte began the quest
                  | for the Orb.
     0 | D:1      | Reached XP level 1. HP: 19/19 MP: 2/2
    46 | D:1      | Found a faded altar of an unknown god.
   269 | D:1      | Reached XP level 2. HP: 25/26 MP: 3/3
   439 | D:1      | Reached skill level 5 in Axes
   912 | D:2      | Noticed Terence
   923 | D:2      | Killed Terence
   924 | D:2      | Reached skill level 6 in Axes
   924 | D:2      | Reached XP level 3. HP: 31/31 MP: 4/4
   929 | D:2      | Learned a level 2 spell: Scorch
   946 | D:2      | You fall into a shaft and drop 1 floor!
   946 | D:3      | Found a hazy altar of Hepliaklqana.
  1207 | D:2      | Found an ancient bone altar of Kikubaaqudgha.
  1217 | D:2      | Reached XP level 4. HP: 33/39 MP: 5/5
  1552 | D:2      | Noticed Robin
  1568 | D:2      | Killed Robin
  1569 | D:2      | Reached skill level 7 in Axes
  1895 | D:3      | Found a runed translucent gate.
  1895 | D:3      | Found a runed translucent gate.
  1895 | D:3      | Found a runed translucent gate.
  1895 | D:3      | Noticed a kobold brigand
  1895 | D:3      | Noticed bahustanut's ghost (amateur TrSh)
  1923 | D:3      | Found a shimmering blue altar of Sif Muna.
  2132 | D:3      | Found a glowing silver altar of Zin.
  2220 | D:3      | Found a shimmering altar of Xom.
  2279 | D:3      | Found an opulent altar of Gozag.
  2385 | D:4      | Found a snail-covered altar of Cheibriados.
  2402 | D:4      | Reached skill level 1 in Armour
  2402 | D:4      | Reached XP level 5. HP: 17/45 MP: 6/6
  2705 | D:4      | Found an iron altar of Okawaru.
  2720 | D:4      | Reached XP level 6. HP: 51/51 MP: 7/7
  2733 | D:4      | Fell from the grace of Ignis
  2733 | D:4      | Became a worshipper of Warmaster Okawaru
  2856 | D:4      | Noticed Grinder
  2869 | D:4      | Killed Grinder
  2940 | D:4      | Noticed a fire elemental
  2940 | D:4      | Noticed a fire elemental
  2940 | D:4      | Noticed a fire elemental
  2946 | D:4      | Mangled by a fire elemental

Illustrated notes

Levels and vault maps discovered:
D:1:      dpeg_arrival_tiny_g, layout_basic, shapermc_ecumenical_altar_venn,
          nicolae_titane
D:2:      layout_loops_ring, basic_altar, uniq_terence, uniq_robin
D:3:      layout_loops_cross, pdpol_temple_overflow_zin_treasury_gozag_greed,
          mainiacjoe_overflow_tiny_flanked, lemuel_coloured_pillars_altar,
          old_standard_altar, gammafunk_ghost_nasty_kobolds
D:4:      layout_layer_cave, okawaru_ov_weapons_minmay, slow_altar_1,
          grunt_nemelex_the_gamble, uniq_grinder

Skill      XL: |  1  2  3  4  5  6 |
---------------+-------------------+-----
Axes           | 6 7 |  7.8
Armour         | 1 2 |  2.5
Invocations    | 4 |  4.7
Fighting       | |  3.6
Spellcasting   | |  1.0
Fire Magic     | |  3.2

Action                     |  1- 3 |  4- 6 || total
---------------------------+-------+-------++-------
  Melee: Hand axe          |    86 |   114 ||   200
         Punch             |     1 |     1 ||     2
   Cast: Scorch            |       |     2 ||     2
 Invoke: Fiery Armour      |     1 |     1 ||     2
    Use: Scroll            |       |     8 ||     8
         Potion            |       |     6 ||     6
 Armour: Robe              |    25 |    16 ||    41
         Scale mail        |       |    37 ||    37
  Dodge: Dodged            |    54 |    57 ||   111

Table legend: (Time is in decaauts)
 A = Elapsed time spent in this place.
 B = Non-inter-level travel time spent in this place.
 C = Inter-level travel time spent in this place.
 D = Time resting spent in this place.
 E = Time spent auto-exploring this place.
 F = Levels seen in this place.
 G = Mean time per level.
                   A        B        C        D        E       F      G
               +--------+--------+--------+--------+--------+-----+--------+
         Total |   2949 |   2858 |     91 |      0 |   2382 |   4 |  737.2 |
       Dungeon |   2949 |   2858 |     91 |      0 |   2382 |   4 |  737.2 |
               +--------+--------+--------+--------+--------+-----+--------+

Top non-repeatable levels by time:
     D:3: 860 daAuts
     D:1: 837 daAuts
     D:2: 676 daAuts
     D:4: 575 daAuts
